 Dungeon Crawl Stone Soup version 0.30-a0-310-g7d6cbdfea6 (webtiles) character file.

Game seed: 17210150755978225290

114 purpskrrrp the Covered (level 4, 0/29 HPs)
             Began as a Gargoyle Fighter on Oct 24, 2022.
             Was a Believer of Nemelex Xobeh.
             Slain by an orc priest
             ... wielding a +0 war axe
              (1 damage)
             ... on level 3 of the Dungeon.
             The game lasted 00:03:27 (2237 turns).

purpskrrrp the Covered (Gargoyle Fighter)           Turns: 2237, Time: 00:03:27

Health: 0/29       AC: 13    Str: 21    XL:     4   Next: 98%
Magic:  4/4        EV:  9    Int:  9    God:    Nemelex Xobeh [**....]
Gold:   73         SH:  5    Dex:  9    Spells: 3/3 levels left

rFire   . . .      SeeInvis .    a - +0 war axe
rCold   . . .      Faith    .    c - +1 buckler
rNeg    + . .      Spirit   .    b - +0 scale mail
rPois   ∞          Reflect  .    (no helmet)
rElec   +          Harm     .    l - +2 cloak {Stlth+}
rCorr   .          Rampage  .    (no gloves)
Will    .....                    (no boots)
Stlth   +.........               (no amulet)
HPRegen 0.24/turn                (no ring)
MPRegen 0.09/turn                (no ring)

@: no status effects
A: sickness immunity, AC +3, negative energy resistance 1, electricity
resistance, torment resistance 1, petrification resistance
a: Renounce Religion, Draw Escape, Draw Destruction, Draw Summoning


You were on level 3 of the Dungeon.
You worshipped Nemelex Xobeh.
Nemelex Xobeh was pleased with you.
You visited 1 branch of the dungeon, and saw 3 of its levels.

You collected 73 gold pieces.

Inventory:

Hand Weapons
 a - a +0 war axe (weapon)
Armour
 b - a +0 scale mail (worn)
 c - a +1 buckler (worn)
 l - a +2 cloak of stealth (worn)
Potions
 d - a potion of might
 e - a potion of degeneration {unknown}
 g - 3 potions of heal wounds {unknown}
 h - 2 potions of resistance
 j - 2 potions of curing {unknown}
 k - a potion of mutation {unknown}


   Skills:
 + Level 4.0 Fighting
 * Level 3.2 Axes
 + Level 4.0 Armour
 + Level 0.6 Stealth
 - Level 3.3 Shields
 + Level 1.2 Invocations


You had 3 spell levels left.
You didn't know any spells.
Your spell library contained the following spells:

 Spells                   Type           Power      Damage    Failure   Level
 Shock                    Conj/Air       0%         1d3       80%         1
 Slow                     Hex            0%         N/A       80%         1
 Confusing Touch          Hex            0%         N/A       99%         3
 Swiftness                Air            0%         N/A       99%         3
 Vampiric Draining        Necr           0%         2d6       99%         3
 Airstrike                Air            0%         2d(0-16)  100%        4


Dungeon Overview and Level Annotations

Branches:
Dungeon (3/15)

Altars:
Nemelex Xobeh


Innate Abilities, Weirdness & Mutations

You are immune to sickness and miasma.
Your stone body is resilient. (AC +3)
You are immune to poison.
You resist negative energy. (rN+)
You are resistant to electric shocks. (rElec)
You are resistant to unholy torment.
You are immune to petrification.


Message History

You are too injured to fight recklessly!
You are too injured to fight recklessly!
You are too injured to fight recklessly!
You are too injured to fight recklessly!
You are too injured to fight recklessly!
You are too injured to fight recklessly!
You are too injured to fight recklessly!
You are too injured to fight recklessly!
You are too injured to fight recklessly!
You are too injured to fight recklessly!
You are too injured to fight recklessly!
You are too injured to fight recklessly!
You are too injured to fight recklessly!
You are too injured to fight recklessly!
You are too injured to fight recklessly!
You are too injured to fight recklessly!
You are too injured to fight recklessly!
You are too injured to fight recklessly!
You are too injured to fight recklessly!
You are too injured to fight recklessly!
You are too injured to fight recklessly!
You are too injured to fight recklessly!
You are too injured to fight recklessly!
You barely miss the orc priest.
The orc priest is almost dead.
You closely miss something. You hit the orc.
You hear some strange, mumbled words.
A puff of flame appears from out of thin air!
The puff of flame hits you!
* * * LOW HITPOINT WARNING * * *
The orc hits you but does no damage.
The orc priest hits you but does no damage.
You draw a card...
You have drawn the Tomb.
Walls emerge from the floor!
The deck of cards disappears without a trace.
Something hits you.
* * * LOW HITPOINT WARNING * * *
The orc hits you but does no damage.
The orc priest hits you with a +0 war axe.
You die...
Your body glows slightly and disappears.

.## ..# ..# .# #..#
..###.# #... #... ......
..#.# #..# ###....###
..#.# #..# #........
..#.# #..# #.#o...#
..#.# #..# #.#o{..#
..#.# #..# #.#@o..#
..#.# #..# #.###..####
..#>###..#####.#..!....#
..#................###?.
...............#.### #
.........)######.#
.#####.##........#
.......###########
########


You could see an orc priest and 2 orcs.

Vanquished Creatures
  An orc priest (D:3)
  Crazy Yiuf (D:2)
  2 adders (D:2)
  4 bats
  4 endoplasms
  A giant cockroach (D:1)
  7 goblins
  5 hobgoblins
  8 kobolds
  A quokka (D:1)
  3 rats (D:1)
37 creatures vanquished.

Vanquished Creatures (others)
  10 plants (D:1)
  5 toadstools (D:1)
15 creatures vanquished.

Grand Total: 52 creatures vanquished

Notes
Turn   | Place    | Note
-------+----------+-------------------------------------------
     0 | D:1      | purpskrrrp the Gargoyle Fighter began the quest for the
                  | Orb.
     0 | D:1      | Reached XP level 1. HP: 14/14 MP: 1/1
   240 | D:1      | Reached XP level 2. HP: 19/19 MP: 2/2
   776 | D:1      | Found a faded altar of an unknown god.
   802 | D:1      | Prayed at the altar of an unknown god.
   802 | D:1      | Became a worshipper of Nemelex Xobeh the Trickster
   802 | D:1      | Reached * piety under Nemelex Xobeh
   802 | D:1      | Received a gift from Nemelex Xobeh
  1110 | D:2      | Reached XP level 3. HP: 23/23 MP: 3/3
  1398 | D:2      | Reached ** piety under Nemelex Xobeh
  1418 | D:2      | Found a runed translucent door.
  1419 | D:2      | Noticed Crazy Yiuf
  2054 | D:2      | Killed Crazy Yiuf
  2055 | D:2      | Reached skill level 1 in Invocations
  2055 | D:2      | Reached XP level 4. HP: 11/29 MP: 4/4
  2237 | D:3      | HP: 1/29 [something (1)]
  2237 | D:3      | Slain by an orc priest

Illustrated notes

Levels and vault maps discovered:
D:1:      ldierk_walled_garden, layout_basic,
          hellmonk_ecumenical_altar_crossroads, chequers_big_river,
          minmay_misc_feat_chi
D:2:      layout_loops_corners, uniq_crazy_yiuf_cottage
D:3:      layout_loops_ring, uniq_terence, uniq_natasha

Skill      XL: |  1  2  3  4 |
---------------+-------------+-----
Axes           | 2 3 |  3.2
Invocations    | 1 |  1.2
Armour         | 4 |  4.0
Fighting       | 4 |  4.0
Stealth        | |  0.6
Shields        | |  3.3

Action                   |  1- 3 |  4- 6 || total
-------------------------+-------+-------++-------
Melee: War axe           |   105 |     9 ||   114
Invok: Draw Escape       |       |     1 ||     1
  Use: Scroll            |     3 |     2 ||     5
       Potion            |     1 |       ||     1
Armor: Scale mail        |    48 |    10 ||    58
Dodge: Dodged            |    54 |     3 ||    57
Block: Buckler           |    18 |     1 ||    19

Table legend: (Time is in decaauts)
 A = Elapsed time spent in this place.
 B = Non-inter-level travel time spent in this place.
 C = Inter-level travel time spent in this place.
 D = Time resting spent in this place.
 E = Time spent auto-exploring this place.
 F = Levels seen in this place.
 G = Mean time per level.
                   A        B        C        D        E       F      G
               +--------+--------+--------+--------+--------+-----+--------+
         Total |   2298 |   2201 |     97 |      0 |   1833 |   3 |  766.0 |
       Dungeon |   2298 |   2201 |     97 |      0 |   1833 |   3 |  766.0 |
               +--------+--------+--------+--------+--------+-----+--------+

Top non-repeatable levels by time:
     D:1: 1126 daAuts
     D:2: 1125 daAuts
     D:3: 46 daAuts
